 Dungeon Crawl Stone Soup version 0.19-a0-1346-g7941943 (webtiles) character file.

26379 Elitist the Archer (level 12, 0/81 HPs)
             Began as a High Elf Hunter on Sept 2, 2016.
             Was an Initiate of Gozag.
             Slain by a queen bee (6 damage)
             ... on level 12 of the Dungeon.
             The game lasted 01:05:04 (19363 turns).

Elitist the Archer (High Elf Hunter)               Turns: 19363, Time: 01:05:04

Health: 0/81       AC: 13    Str: 12    XL:     12   Next: 97%
Magic:  22/22      EV: 29    Int: 14    God:    Gozag
Gold:   3163       SH:  0    Dex: 26    Spells: 3 memorised, 15 levels left

rFire  . . .     SeeInvis +     b - +4 scimitar (flame)
rCold  . . .     Gourm    .     F - +4 robe of Fyetruer {+Inv}
rNeg   . . .     Faith    .     (no shield)
rPois  +         Spirit   .     k - +2 helmet
rElec  +         Dismiss  .     (no cloak)
rCorr  .         Reflect  .     (no gloves)
MR     +....     Harm     .     E - +1 pair of boots {Stlth+}
Stlth  +++.......               s - amulet of regeneration
                                L - +4 ring of slaying
                                f - ring of poison resistance

@: confused, agile, exhausted, gold aura, slowed, very slow
A: rough black scales 1, see invisible, electricity resistance
a: Potion Petition, Call Merchant, Bribe Branch, Renounce Religion, Evoke
Invisibility


You were on level 12 of the Dungeon.
You worshipped Gozag.
Gozag was most pleased with you.
You were not hungry.

You visited 3 branches of the dungeon, and saw 15 of its levels.
You also visited: Labyrinth and Ossuary.

You collected 3216 gold pieces.
You paid 53 gold pieces to Gozag.

Inventory:

Hand Weapons
 a - a +2 shortbow
 b - a +4 scimitar of flaming (weapon)
Missiles
 d - 143 arrows
 g - 3 javelins (quivered)
 h - 6 tomahawks of returning
Armour
 k - a +2 helmet (worn)
 E - a +1 pair of boots of stealth (worn)
 F - the +4 robe of Fyetruer (worn) {+Inv}
   (You found it in a labyrinth)

   It lets you turn invisible.
Rods
 u - a -2 iron rod (12/12)
   (You found it on level 12 of the Dungeon)
Jewellery
 f - a ring of poison resistance (left hand)
 s - an amulet of regeneration (around neck)
 L - a +4 ring of slaying (right hand)
Wands
 o - a wand of polymorph (6/24)
 t - a wand of digging (3/24)
Scrolls
 c - 2 scrolls of identify
 j - 7 scrolls of teleportation
 l - a scroll of amnesia
Potions
 e - 4 potions of brilliance
 i - a potion of berserk rage
 p - a potion of cure mutation
 r - 2 potions of heal wounds
 w - 7 potions of flight
 z - 2 potions of magic
 B - 5 potions of curing
 G - a potion of might
Books
 m - a book of the Earth

   Spells                             Type                      Level
   a - Leda's Liquefaction            Hexes/Earth                  4
   b - Bolt of Magma                  Conjuration/Fire/Earth       5
   c - Statue Form                    Transmutation/Earth          6
   d - Iron Shot                      Conjuration/Earth            6
   e - Shatter                        Earth                        9
 q - a book of the Sky

   Spells                             Type                      Level
   a - Summon Lightning Spire         Summoning/Air                4
   b - Airstrike                      Air                          4
   c - Silence                        Hexes/Air                    5
   d - Deflect Missiles               Charms/Air                   6
   e - Conjure Ball Lightning         Conjuration/Air              6
   f - Tornado                        Air                          9
Miscellaneous
 I - a lamp of fire
Comestibles
 n - a meat ration
 x - 3 royal jellies
 D - 6 beef jerkies
 H - a fruit


   Skills:
 - Level 7.6 Fighting
 * Level 11.7 Long Blades
 - Level 14.7 Bows
 - Level 3.3 Armour
 - Level 11.1 Dodging
 - Level 4.0 Stealth
 - Level 6.0 Spellcasting
 + Level 5.3 Necromancy
 + Level 3.7 Evocations


You had 15 spell levels left.
You knew the following spells:

 Your Spells              Type           Power        Failure   Level  Hunger
a - Regeneration          Chrm/Necr      ##........   17%         3    ###....
x - Animate Dead          Necr           N/A          21%         4    ####...
z - Animate Skeleton      Necr           N/A          1%          1    None


Dungeon Overview and Level Annotations

Branches:
Dungeon (12/15)            Temple (1/1) D:5            Lair (2/6) D:8
    Orc (0/2) D:9
  Swamp: Lair:2-4    Shoals: Lair:2-4     Snake: Lair:2-4    Spider: Lair:2-4

Altars:
Ashenzari
Cheibriados
Dithmenos
Elyvilon
Fedhas
Gozag
Hepliaklqana
Kikubaaqudgha
Makhleb
Nemelex Xobeh
Okawaru
Qazlal
Ru
Sif Muna
Trog
Uskayaw
Vehumet
Xom
Yredelemnul
Zin
The Shining One


Innate Abilities, Weirdness & Mutations

You are partially covered in rough black scales. (AC +2, Dex -1)
You have supernaturally acute eyesight. (SInv)
You are resistant to electric shocks. (rElec)


Message History

The queen bee is lightly wounded.
The queen bee completely misses you.
Unknown command.
You hit the queen bee. You burn the queen bee.
The queen bee is moderately wounded.
The queen bee misses you.
You riposte.
You hit the queen bee. You burn the queen bee.
The queen bee is heavily wounded.
Unknown command.
You are confused.
You feel invigorated.
The queen bee stings you but does no damage.
The queen bee completely misses you.
A hill giant comes into view. It is wielding a giant club.
Unknown command.
The hill giant hits you with a giant club!!!
* * * LOW HITPOINT WARNING * * *
The queen bee stings you.
You die...
Your body crumbles into a pile of gold.

.........#
......#..#
###......# #......#
########## .....
...#.
##.#.#############
...#.#..#..#(.##@##
...#........#yHy#C#
...#......#...y#.###
...#.....#..#.#..#.#
..##......#.)#....##
..##....#.#$#.#.#.#
####....#).#.....##
..........#.##.#..#
####.....#.y..#...#


You could see a griffon, a hill giant, a queen bee, a meliai and a killer bee.

Vanquished Creatures
  Gastronok (D:10)
  A minotaur (Lab)
  2 hydras
  Erica (D:8)
  An unseen horror (D:12)
  4 hill giants
  2 oklob plants (D:12)
  2 ugly things
  A manticore (D:12)
  A cyclops (D:11)
  A black mamba (Lair:2)
  A gargoyle (D:12)
  A spiny frog (Lair:1)
  3 komodo dragons
  2 centaur skeletons (D:12)
  A troll (D:10)
  2 meliai (D:12)
  A two-headed ogre (D:12)
  A minotaur skeleton (Lab)
  7 spriggans (Lair:1)
  A wraith (D:11)
  The ghost of tedric the Gusty, an amateur TeAE (D:5)
  4 yaks (D:12)
  2 shadows
  5 hippogriffs
  4 hungry ghosts
  3 steam dragons
  Edmund (D:5)
  2 vampire mosquitoes (D:12)
  4 water moccasins
  Menkaure (D:4)
  3 porcupines
  Duvessa (D:5)
  3 ice beasts
  4 black bears
  3 sky beasts
  3 necrophages
  6 orc warriors
  4 phantoms
  4 ogres
  2 centaurs
  4 crocodiles
  3 gnoll sergeants
  13 giant frogs
  Dowan (D:5)
  2 water moccasin zombies (Ossuary)
  3 scorpions
  27 killer bees (D:12)
  3 howler monkeys
  6 crimson imps
  A centaur zombie (D:12)
  3 giant frog zombies
  2 quasits
  12 orc priests
  4 hounds
  5 jellies
  13 orc wizards
  4 giant frog skeletons
  Natasha (thrice) (D:2)
  6 iguanas
  8 worker ants
  3 big kobold zombies (Ossuary)
  2 hound skeletons (D:4)
  2 mummies (Ossuary)
  A howler monkey zombie (D:11)
  Robin (D:2)
  20 gnolls
  12 adders
  20 river rats
  2 shadow imps
  6 adder zombies
  6 worms
  A dart slug (D:3)
  7 giant geckos
  49 orcs
  A ball python (D:3)
  5 giant cockroaches
  4 gnoll zombies (Ossuary)
  17 goblins
  10 hobgoblins
  11 jackals
  3 quokkas
  3 bats
  A giant gecko zombie (D:7)
  9 giant newts
  5 hobgoblin zombies (Ossuary)
  8 kobolds
  3 kobold zombies (Ossuary)
  4 orc zombies (Ossuary)
  7 rats
  2 plants (Lair:2)
445 creatures vanquished.

Vanquished Creatures (others)
  A dancing weapon (D:12)
  A fungus (Lair:1)
2 creatures vanquished.

Grand Total: 447 creatures vanquished

Notes
Turn   | Place    | Note
-------+----------+-------------------------------------------
     0 | D:1      | Elitist the High Elf Hunter began the quest for the Orb.
     0 | D:1      | Reached XP level 1. HP: 14/14 MP: 2/2
   677 | D:1      | Reached XP level 2. HP: 20/20 MP: 3/3
  1638 | D:2      | Noticed Robin
  1695 | D:3      | Reached XP level 3. HP: 25/25 MP: 4/4
  1706 | D:3      | Reached skill level 6 in Bows
  1845 | D:3      | HP: 1/25 [hobgoblin/club[Robin] (3)]
  1846 | D:3      | Gained mutation: You are partially covered in rough black scales. (AC +2, Dex -1) [potion of mutation]
  1846 | D:3      | Gained mutation: You have supernaturally acute eyesight. (SInv) [potion of mutation]
  1846 | D:3      | Gained mutation: You are resistant to electric shocks. (rElec) [potion of mutation]
  2191 | D:2      | Killed Robin
  2663 | D:2      | Noticed Natasha
  2670 | D:2      | Killed Natasha
  2670 | D:2      | Reached XP level 4. HP: 31/31 MP: 5/5
  3173 | D:2      | Noticed Natasha
  3182 | D:2      | Killed Natasha
  3182 | D:2      | Reached skill level 7 in Bows
  3464 | D:2      | Noticed Natasha
  3471 | D:2      | Killed Natasha
  3471 | D:2      | Reached XP level 5. HP: 32/37 MP: 6/6
  4494 | D:4      | Reached skill level 8 in Bows
  4587 | D:4      | Reached XP level 6. HP: 43/43 MP: 7/7
  4707 | D:4      | Noticed Menkaure
  4711 | D:4      | Killed Menkaure
  4711 | D:4      | Reached skill level 9 in Bows
  5236 | D:4      | Reached XP level 7. HP: 44/49 MP: 8/8
  5429 | D:5      | Entered Level 5 of the Dungeon
  5440 | D:5      | Noticed tedric's ghost (amateur TeAE)
  5573 | D:5      | Killed tedric's ghost
  5573 | D:5      | Reached skill level 5 in Fighting
  5573 | D:5      | Reached skill level 10 in Bows
  5590 | D:5      | Noticed Duvessa
  5594 | D:5      | Noticed Dowan
  5602 | D:5      | Killed Duvessa
  5628 | D:5      | Killed Dowan
  6418 | D:5      | Reached skill level 11 in Bows
  6418 | D:5      | Reached XP level 8. HP: 57/57 MP: 9/9
  6757 | D:5      | Found a staircase to the Ecumenical Temple.
  6776 | D:5      | Noticed Edmund
  6815 | D:5      | Killed Edmund
  6828 | Temple   | Entered the Ecumenical Temple
  7028 | Temple   | Became a worshipper of Gozag Ym Sagoz the Greedy
  7116 | D:5      | Found a snail-covered altar of Cheibriados.
  7181 | D:5      | Found an iron altar of Okawaru.
  7898 | D:5      | Found a glowing silver altar of Zin.
  9421 | D:6      | Reached XP level 9. HP: 58/64 MP: 10/10
  9557 | D:6      | Reached skill level 5 in Dodging
 10044 | D:7      | Reached skill level 12 in Bows
 10759 | D:7      | Found a burning altar of Makhleb.
 10866 | D:8      | Found a staircase to the Lair.
 11147 | D:8      | Reached skill level 1 in Armour
 11205 | D:8      | Reached skill level 13 in Bows
 11296 | D:8      | Noticed Erica
 11324 | D:8      | Killed Erica
 11324 | D:8      | Reached XP level 10. HP: 51/71 MP: 11/11
 11391 | D:8      | Reached skill level 1 in Long Blades
 11431 | D:8      | Found a sand-covered staircase.
 11444 | Ossuary  | Entered an ossuary
 12023 | D:8      | Reached skill level 14 in Bows
 12539 | Lair:1   | Entered Level 1 of the Lair of Beasts
 12628 | Lair:1   | Learned a level 3 spell: Regeneration
 12633 | Lair:1   | Learned a level 4 spell: Animate Dead
 12635 | Lair:1   | Learned a level 1 spell: Animate Skeleton
 12727 | D:9      | Found a staircase to the Orcish Mines.
 12988 | D:9      | Got a ring of the Octopus King
 13037 | D:9      | Identified a ring of the Octopus King {MP+9 AC+1 EV+1 Str+1 Int+1 Dex+1} (You found it on level 9 of the Dungeon)
 13484 | D:10     | Entered Level 10 of the Dungeon
 13546 | D:10     | Noticed a hill giant
 13557 | D:10     | Killed a hill giant
 13608 | D:10     | Found an ancient bone altar of Kikubaaqudgha.
 13879 | D:10     | Noticed Gastronok
 13883 | D:10     | Reached skill level 5 in Long Blades
 13883 | D:10     | Reached skill level 1 in Spellcasting
 13981 | D:10     | Killed Gastronok
 13981 | D:10     | Reached skill level 1 in Necromancy
 13981 | D:10     | Reached XP level 11. HP: 41/75 MP: 12/15
 14504 | D:11     | Found a snail-covered altar of Cheibriados.
 15048 | D:11     | Noticed a purple ugly thing
 15059 | D:11     | Killed a purple ugly thing
 15163 | D:11     | Noticed a hill giant
 15169 | D:11     | Killed a hill giant
 15813 | Lair:1   | Reached skill level 10 in Dodging
 16333 | Lair:1   | Reached skill level 5 in Spellcasting
 16666 | Lair:2   | Reached XP level 12. HP: 69/81 MP: 20/20
 16815 | Lair:2   | Found a labyrinth entrance.
 16824 | Lab      | Entered a labyrinth
 17619 | Lab      | Noticed a minotaur
 17642 | Lab      | Killed a minotaur
 17664 | Lab      | Got an iridescent falchion
 17664 | Lab      | Got a shimmering robe
 17666 | Lab      | Identified a +7 rod of ignition (12/12) (You found it in a labyrinth)
 17667 | Lab      | Identified the +0 falchion of Quick Death {flame, rF++ Stlth+} (You found it in a labyrinth)
 17878 | Lair:1   | Identified the +4 robe of Fyetruer {+Inv} (You found it in a labyrinth)
 18217 | D:12     | Noticed a seven-headed hydra
 18242 | D:11     | Killed a two-headed hydra
 18242 | D:11     | Reached skill level 10 in Long Blades
 18386 | D:12     | Noticed an eight-headed hydra
 18398 | D:12     | Killed a six-headed hydra
 18398 | D:12     | Reached skill level 1 in Evocations
 18813 | D:12     | Found a white marble altar of Elyvilon.
 19145 | D:12     | Reached skill level 5 in Necromancy
 19363 | D:12     | Slain by a queen bee

Vault maps used:
D:1:      minmay_arrival_radiant_lines
D:2:      serial_glass, glass_columns_b, glass_columns_a, glass_columns_a,
          glass_columns_a, glass_columns_a, glass_columns_b, first_bread,
          uniq_natasha, uniq_robin
D:4:      hangedman_decor_opposing, uniq_menkaure
D:5:      nicolae_overflow_hidden_temple, cheibrodos_worm_habitat, basic_altar,
          uniq_duvessa, uniq_edmund
D:7:      old_standard_altar, serial_park_tiny_1
D:8:      enter_ossuary_1, uniq_erica
D:9:      orc_0_dummy
D:10:     basic_altar, uniq_gastronok
D:11:     basic_altar
D:12:     regret_index_harrowing_hell_hive, basic_altar
Temple:   eino_narrow_crystal_temple
Lair:1:   kb_forest_paths, serial_bayou_pond_a, infiniplex_staircase_pool_2
Lair:2:   lab_entry_generic, serial_forest, infiniplex_forest_clump_curved,
          infiniplex_forest_lined_4_way, infiniplex_forest_clump_long,
          infiniplex_forest_lined_3, infiniplex_forest_clump_long,
          infiniplex_forest_pool, infiniplex_forest_end_3,
          infiniplex_forest_lined_corner, infiniplex_forest_straight_3,
          serial_bayou_shore_a
Lab:      labyrinth_skeletal_remains, labyrinth_fake_exit,
          nicolae_lab_checkerboard
Ossuary:  ossuary_tomb_2

Skill      XL: |  1  2  3  4  5  6  7  8  9 10 11 12 |
---------------+-------------------------------------+-----
Bows           | 6 7 8 9 11 13 14 | 14.7
Fighting       | 3 4 5 7 |  7.6
Dodging        | 4 7 8 10 11 | 11.1
Stealth        | 4 |  4.0
Armour         | 2 3 |  3.3
Long Blades    | 6 8 11 | 11.7
Spellcasting   | 2 5 6 |  6.0
Necromancy     | 1 3 5 |  5.3
Evocations     | 3 |  3.7

Action                   |  1- 3 |  4- 6 |  7- 9 | 10-12 || total
-------------------------+-------+-------+-------+-------++-------
Melee: Short sword       |    18 |       |       |       ||    18
       Spear             |    74 |       |       |       ||    74
       Dagger            |    29 |   155 |   281 |       ||   465
       Demon trident     |       |       |    10 |       ||    10
       Scimitar          |       |       |       |   880 ||   880
 Fire: Shortbow          |     6 |    62 |   397 |   119 ||   584
Throw: Javelin           |       |       |       |     1 ||     1
 Abil: Evoke Invisibilit |       |       |       |     1 ||     1
Evoke: Wand              |       |       |       |     3 ||     3
  Use: Potion            |     3 |       |     1 |    13 ||    17
       Scroll            |       |       |    16 |    12 ||    28
 Stab: Sleeping          |     5 |     2 |     2 |    17 ||    26
       Distracted        |       |     1 |       |     9 ||    10
       Invisible         |       |       |       |     5 ||     5
  Eat: Chunk             |     5 |     9 |     5 |       ||    19
       Bread ration      |       |       |     3 |     1 ||     4
       Meat ration       |       |       |     2 |     2 ||     4
       Fruit             |       |       |       |    18 ||    18
       Royal jelly       |       |       |       |     1 ||     1
       Beef jerky        |       |       |       |     1 ||     1
Armor: Leather armour    |    17 |    46 |       |    93 ||   156
       Skin              |     4 |       |       |       ||     4
       Robe              |       |    18 |    68 |    57 ||   143
       Ring mail         |       |       |    34 |     6 ||    40
Dodge: Dodged            |    59 |   125 |   300 |   625 ||  1109
